Get step-by-step instructions on how to execute this build order below. Start the game timer, and the build order will tick by so you can play in parallel with StarCraft on a second screen or mobile device.

Game Time

  0:00

Last Step

  N/A

Next Step

Upcoming Step



Don't want to look back and forth between 2 screens? Try out our Overwolf App, the Spawning Tool Build Advisor to get an in-game overlay with this build!

Complete Build Order

  12  0:00  Probe  
  13  0:12  Probe  
  14  0:16  Pylon  
  14  0:25  Probe (Chrono Boost)  
  16  0:35  Gateway  
  16  0:37  Probe (Chrono Boost)  
  16  0:42  Probe (Chrono Boost)  
  16  0:45  Assimilator  
  17  0:51  Probe  
  18  1:03  Probe  
  19  1:15  Probe  
  20  1:24  Cybernetics Core  
  20  1:27  Probe  
  21  1:37  Nexus  
  21  1:40  Pylon  
  21  1:45  Assimilator  
  21  1:50  Probe  
  22  1:54  Warp Gate (Chrono Boost)  
  22  1:58  Stalker (Chrono Boost)  
  24  2:03  Probe  
  25  2:15  Gateway  
  25  2:19  Pylon  
  25  2:26  Stalker  
  27  2:37  Gateway  
  27  2:45  Probe  
  27  2:48  Shield Battery  
  27  2:49  Probe  
  29  2:57  Probe  
  30  3:04  Shield Battery  
  29  3:07  Probe  
  29  3:11  Probe  
  31  3:19  Probe  
  30  3:28  Probe  
  30  3:31  Stalker x2  
  30  3:33  Adept  
  35  3:34  Probe  
  36  3:42  Robotics Facility  
  36  3:44  Probe  
  38  3:54  Pylon  
  35  3:58  Stalker  
  35  3:59  Stalker  
  39  4:05  Shield Battery  
  39  4:07  Probe  
  39  4:08  Probe  
  41  4:19  Probe  
  41  4:22  Stalker x2  
  46  4:25  Probe  
  47  4:31  Probe  
  47  4:38  Probe (Chrono Boost)  
  48  4:40  Observer (Chrono Boost)  
  48  4:42  Robotics Bay  
  48  4:43  Pylon  
  48  4:45  Assimilator  
  50  4:49  Probe (Chrono Boost)  
  50  4:53  Pylon  
  50  4:58  Stalker x2  
  50  5:19  Pylon  
  50  5:21  Probe (Chrono Boost)  
  49  5:23  Probe (Chrono Boost)  
  49  5:27  Pylon  
  46  5:33  Probe (Chrono Boost)  
  44  5:37  Probe (Chrono Boost)  
  44  5:38  Probe (Chrono Boost)  
  44  5:41  Forge  
  45  5:44  Sentry  
  45  5:45  Probe, Pylon  
  45  5:46  Disruptor (Chrono Boost)  
  52  5:51  Probe  
  53  5:57  Nexus  
  53  5:59  Probe  
  53  6:03  Probe  
  55  6:11  Probe  
  56  6:14  Disruptor (Chrono Boost)  
  56  6:15  Photon Cannon  
  56  6:18  Probe  
  61  6:23  Twilight Council  
  61  6:25  Observer, Pylon  
  61  6:28  Zealot  
  61  6:32  Adept  
  65  6:35  Probe x2  
  66  6:47  Gateway  
  66  6:48  Gateway  
  66  6:53  Adept x2  
  70  6:54  Probe x2  
  72  7:05  Charge (Chrono Boost)  
  72  7:06  Probe  
  73  7:11  Gateway  
  73  7:20  Zealot x2  
  77  7:24  Protoss Ground Weapons Level 1 (Chrono Boost)  
  77  7:27  Probe x3  
  80  7:36  Observer, Gateway  
  80  7:37  Pylon  
  80  7:42  Zealot x4  
  80  7:43  Probe  
  79  7:46  Probe  
  79  7:49  Colossus (Chrono Boost)  
  68  7:57  Probe x2  
  74  7:59  Probe  
  75  8:09  Zealot x3, Probe  
  75  8:10  Sentry  
  84  8:13  Probe  
  84  8:14  Probe  
  86  8:21  Zealot  
  87  8:30  Colossus (Chrono Boost)  
  87  8:31  Zealot x3  
  99  8:34  Pylon  
  99  8:36  Probe x2  
  99  8:37  Assimilator  
  99  8:41  Probe  
  100  8:48  Zealot x3, Probe  
  107  8:59  Zealot x3  
  107  9:02  Assimilator, Probe x2  
  115  9:07  Probe  
  115  9:09  Pylon  
  116  9:11  Pylon  
  116  9:13  Observer (Chrono Boost)  
  117  9:22  Pylon  
  117  9:25  Photon Cannon, Probe  
  117  9:27  Stalker  
  117  9:28  Stalker x2  
  117  9:30  Colossus (Chrono Boost)  
  122  9:38  Photon Cannon  
  122  9:47  Robotics Facility  
  122  9:49  Pylon, Stalker x2  
  122  9:56  Zealot x2  
  125  10:03  Pylon  
  125  10:05  Zealot x2  
  115  10:13  Zealot x2  
  113  10:17  Stalker  
  113  10:18  Stalker  
  117  10:21  Shield Battery  
  99  10:28  Zealot x2  
  99  10:34  Zealot x2